 Dungeon Sprint DCSS version 0.26.1-2-gb8aa6d0cf2 (webtiles) character file.

Game seed: 16023125069845226168

627 Groucho the Covert (level 7, -5/99 HPs)
             Began as a Troll Berserker on Mar 20, 2021.
             Was a Priest of Trog.
             Shot with an arrow by a centaur warrior (26 damage)
             ... in the Dungeon (Sprint I: "Red Sonja").
             The game lasted 00:01:20 (576 turns).

Groucho the Covert (Troll Berserker)                 Turns: 576, Time: 00:01:21

Health: -5/99      AC:  6    Str: 26    XL:     7   Next: 23%
Magic:  6/6        EV: 10    Int:  3    God:    Trog [***...]
Gold:   282        SH:  0    Dex: 11    Spells: 6/6 levels left

rFire    . . .     SeeInvis .     - Unarmed
rCold    . . .     Faith    .   (no shield)
rNeg     . . .     Spirit   .   a - +0 animal skin
rPois    .         Reflect  .   (helmet restricted)
rElec    .         Harm     .   (no cloak)
rCorr    .         Rampage  .   (gloves unavailable)
Will     ++...     NoTele   +   (boots unavailable)
Stlth    ..........             (no amulet)
HPRegen  1.66/turn              (no ring)
MPRegen  0.10/turn              (no ring)

@: berserking, regenerating, very quick
A: large, unfitting armour, claws 3, regeneration 1, shaggy fur 1, tough skin 3
a: Renounce Religion, Berserk, Trog's Hand


You were in the Dungeon.
You worshipped Trog.
Trog was most pleased with you.
You visited 1 branch You collected 282 gold pieces.

Inventory:

Armour
 a - a +0 animal skin (worn)
Potions
 b - a potion of curing
 c - a potion of heal wounds
 d - a potion of haste
 e - 2 potions of magic
 f - a potion of berserk rage
 h - a potion of might {unknown}


   Skills:
 - Level 2.4 Fighting
 - Level 2.4 Dodging
 + Level 10.1 Stealth
 - Level 3.0 Unarmed Combat


You had 6 spell levels left.
You didn't know any spells.
Your spell library was empty.

Dungeon Overview and Level Annotations

Branches:
Dungeon (1/1)

Altars:
Cheibriados
Dithmenos
Elyvilon
Fedhas
Gozag
Hepliaklqana
Kikubaaqudgha
Makhleb
Nemelex Xobeh
Okawaru
Qazlal
Ru
Sif Muna
Trog
Uskayaw
Vehumet
Wu Jian
Xom
Yredelemnul
Zin
The Shining One
Jiyva
Lugonu

Shops:
D =


Innate Abilities, Weirdness & Mutations

You are too large for most types of armour.
You have claws for hands.
Your natural rate of healing is unusually fast.
You are covered in fur. (AC +1)
You have extremely tough skin. (AC +3)


Message History

The centaur warrior hits you. The centaur warrior hits you!
You claw the centaur warrior!
The centaur warrior is moderately wounded.
The centaur warrior shouts!
The centaur warrior completely misses you.
The centaur warrior wields a +0 longbow.
The centaur warrior shoots an arrow.
The arrow hits you!!
You scratch the centaur warrior.
The centaur warrior is moderately wounded.
The centaur warrior hits you!
The centaur warrior shoots an arrow.
The arrow hits you!
You are too injured to fight recklessly!
You are too injured to fight recklessly!
You are too injured to fight recklessly!
Unknown command.
A red film seems to cover your vision as you go berserk!
You feel yourself moving faster!
You feel mighty! The centaur warrior hits you!
* * * LOW HITPOINT WARNING * * *
The centaur warrior shoots an arrow.
The arrow hits you!!
You die...

###################
#.)'..#.)'..#__#..+
'..#..'..#..'^.'..#
#####+#####'#__####
####..# #(####§:#
#__#### ##§#§§§§c#
#_____##+#_.§§§§§§+
#_.∩..†'..._#§§§@c#
#_..__##_.#'##+####
#_____###+#.#
####### ###


You could see 2 centaur warriors.

Vanquished Creatures
  A slime creature (D)
  Sigmund (D)
  A yak (D)
  An ogre (D)
  A jelly (D)
  Ijyb (D)
6 creatures vanquished.

Vanquished Creatures (others)
  A gargoyle (D)
1 creature vanquished.

Grand Total: 7 creatures vanquished

Notes
Turn   | Place    | Note
-------+----------+-------------------------------------------
     0 | D        | Groucho the Troll Berserker began the quest for the Orb.
     0 | D        | Reached XP level 1. HP: 22/22 MP: 0/0
     2 | D        | Noticed Ijyb
     7 | D        | Killed Ijyb
     8 | D        | Reached skill level 3 in Stealth
     8 | D        | Reached XP level 2. HP: 29/29 MP: 1/1
   155 | D        | Noticed an ogre
   163 | D        | Killed an ogre
   164 | D        | Reached skill level 5 in Stealth
   164 | D        | Reached XP level 3. HP: 36/36 MP: 2/2
   164 | D        | Reached XP level 4. HP: 44/44 MP: 3/3
   177 | D        | Killed a gargoyle
   319 | D        | Noticed Sigmund
   324 | D        | Killed Sigmund
   324 | D        | Reached ** piety under Trog
   325 | D        | Reached skill level 8 in Stealth
   325 | D        | Reached XP level 5. HP: 46/50 MP: 4/4
   325 | D        | Reached XP level 6. HP: 54/59 MP: 5/5
   336 | D        | Found a shimmering blue altar of Sif Muna.
   337 | D        | Found an ornate altar of the Wu Jian Council.
   338 | D        | Found a radiant altar of Vehumet.
   364 | D        | Found Laena's Jewellery Emporium.
   364 | D        | Found an ancient bone altar of Kikubaaqudgha.
   364 | D        | Found a hazy altar of Hepliaklqana.
   364 | D        | Found a stormy altar of Qazlal.
   364 | D        | Found a hide-covered altar of Uskayaw.
   364 | D        | Found a blossoming altar of Fedhas.
   364 | D        | Found a bloodstained altar of Trog.
   364 | D        | Found an iron altar of Okawaru.
   364 | D        | Found a basalt altar of Yredelemnul.
   364 | D        | Found a glowing golden altar of the Shining One.
   364 | D        | Found a snail-covered altar of Cheibriados.
   364 | D        | Found a sacrificial altar of Ru.
   364 | D        | Found a glowing silver altar of Zin.
   364 | D        | Found a shadowy altar of Dithmenos.
   364 | D        | Found a white marble altar of Elyvilon.
   364 | D        | Noticed a yak
   365 | D        | Found an opulent altar of Gozag.
   371 | D        | Killed a yak
   372 | D        | Reached skill level 9 in Stealth
   372 | D        | Found a sparkling altar of Nemelex Xobeh.
   525 | D        | Found a burning altar of Makhleb.
   525 | D        | Found a shimmering altar of Xom.
   525 | D        | Noticed a slime creature
   526 | D        | Found a viscous altar of Jiyva.
   526 | D        | Found a corrupted altar of Lugonu.
   537 | D        | Killed a slime creature
   537 | D        | Reached *** piety under Trog
   538 | D        | Reached skill level 10 in Stealth
   538 | D        | Reached XP level 7. HP: 51/66 MP: 6/6
   557 | D        | Noticed a centaur warrior
   571 | D        | Noticed a centaur warrior
   576 | D        | Shot with an arrow by a centaur warrior

Illustrated notes

Levels and vault maps discovered:
D:        dungeon_sprint_1 [red_sonja_temple_1, red_sonja_temple_small_1]

Skill      XL: |  1  2  3  4  5  6 |
---------------+-------------------+-----
Stealth        | 3 5 8 10 | 10.1
Fighting       | |  2.4
Dodging        | |  2.4
Unarmed Combat | |  3.0

Action                   |  1- 3 |  4- 6 |  7- 9 || total
-------------------------+-------+-------+-------++-------
Melee: Unarmed           |     7 |    21 |     3 ||    31
Invok: Berserk           |     2 |       |     1 ||     3
       Trog's Hand       |       |       |     1 ||     1
  Use: Scroll            |       |       |     1 ||     1
 Stab: Sleeping          |       |     3 |     1 ||     4
Armor: Animal skin       |       |     1 |       ||     1
Dodge: Dodged            |     2 |     6 |     1 ||     9
